 Dungeon Crawl Stone Soup version 0.30.1 (webtiles) character file.

Game seed: 4164135217726387536

19745 javelincjr the Summoner (level 12, -11/87 HPs)
             Began as a Demonspawn Summoner on July 5, 2023.
             Was a High Priest of Sif Muna.
             Killed from afar by an ice statue (19 damage)
             ... with a bolt of cold
             ... in an ice cave on July 6, 2023.
             The game lasted 01:38:44 (12876 turns).

javelincjr the Summoner (Demonspawn Summoner)      Turns: 12876, Time: 01:38:45

Health: -11/87     AC: 13    Str: 12    XL:     12   Next: 39%
Magic:  31/31      EV: 18    Int: 27    God:    Sif Muna [*****.]
Gold:   662        SH: 18    Dex: 16    Spells: 12/25 levels left

rFire   + . .        V - +2 demon trident "Orb Guardian's Curse" {flame, Fly rPois rF+ Str+3}
rCold   . . .        O - +4 kite shield of the Cockatrice {Int+5}
rNeg    . . .        M - +0 troll leather armour
rPois   +            Z - +2 hat
rElec   .            y - scarf {repulsion}
rCorr   .            x - +0 pair of gloves
SInv    +            (no boots)
Will    .....        D - amulet of magic regeneration
Stlth   +++          u - +5 ring of evasion
HPRegen 1.14/turn    N - ring "Inlapyk" {rPois MP+9 Dex+3 SInv}
MPRegen 0.62/turn

%: repel missiles
@: flying
A: horns 1, molten scales 1, icemail 1, condensation shield, demonic magic 2
a: Renounce Religion, Channel Magic, Forget Spell, Divine Exegesis


You were in an ice cave.
You worshipped Sif Muna.
Sif Muna was extremely pleased with you.
You visited 2 branches of the dungeon, and saw 14 of its levels.
You also visited: Bailey and Ice Cave.

You collected 919 gold pieces.
You spent 257 gold pieces at shops.

Inventory:

Hand Weapons
 h - a +2 glaive of venom
 z - a +6 heavy spear
 K - a +0 spear of distortion
 U - the +4 morningstar of the Ancient Stories {distort, rCorr Int+2 Dex+3}
   (You found it in a bailey)

   Int:       It affects your intelligence (+2).
   Dex:       It affects your dexterity (+3).
   rCorr:     It protects you from acid and corrosion.
 V - the +2 demon trident "Orb Guardian's Curse" (weapon) {flame, Fly rPois rF+ Str+3}
   (You acquired it in a bailey)

   Str:       It affects your strength (+3).
   rF:        It protects you from fire.
   rPois:     It protects you from poison.
   Fly:       It grants you flight.
Missiles
 W - 24 javelins
Armour
 x - a +0 pair of gloves (worn)
 y - a scarf of repulsion (worn)
 C - the +9 plate armour of the Heavens {rC+ Dex+3 SInv}
   (You found it on level 9 of the Dungeon)

   Dex:       It affects your dexterity (+3).
   rC:        It protects you from cold.
   SInv:      It lets you see invisible.
 M - a +0 troll leather armour (worn)
 O - the +4 kite shield of the Cockatrice (worn) {Int+5}
   (You found it on level 9 of the Dungeon)

   Int:       It affects your intelligence (+5).
 X - a +4 scale mail
 Z - a +2 hat (worn)
Magical Staves
 d - a staff of fire
Jewellery
 u - a +5 ring of evasion (left hand)
 D - an amulet of magic regeneration (around neck)
 I - an amulet of guardian spirit
 J - a ring of fire
 N - the ring "Inlapyk" (right hand) {rPois MP+9 Dex+3 SInv}
   (You acquired it on level 11 of the Dungeon)

   [ring of magical power]

   Dex:       It affects your dexterity (+3).
   rPois:     It protects you from poison.
   MP:        It affects your magic capacity (+9).
   SInv:      It lets you see invisible.
 S - an amulet of reflection
 Y - an amulet of regeneration
Wands
 j - a wand of paralysis (16)
 s - a wand of iceblast (31)
 G - a wand of flame (33)
 H - a wand of digging (17)
 P - a wand of polymorph (17)
Scrolls
 f - 4 scrolls of noise
 i - 6 scrolls of teleportation
 n - 3 scrolls of poison
 p - a scroll of fear {unknown}
 q - 2 scrolls of magic mapping {unknown}
 r - 3 scrolls of vulnerability
 t - 4 scrolls of enchant armour {unknown}
 A - 4 scrolls of immolation
 B - 2 scrolls of brand weapon {unknown}
 Q - a scroll of enchant weapon {unknown}
 T - a scroll of fog {unknown}
Potions
 a - a potion of resistance
 b - a potion of magic
 c - a potion of haste
 e - 3 potions of mutation
 g - 5 potions of flight
 k - a potion of invisibility {unknown}
 l - 8 potions of curing
 m - a potion of brilliance {unknown}
 o - 2 potions of ambrosia {unknown}
 v - 2 potions of cancellation {unknown}
 w - 3 potions of attraction
 E - 7 potions of heal wounds
 F - 2 potions of might
 L - a potion of lignification {unknown}
 R - a potion of berserk rage {unknown}


   Skills:
 + Level 5.8 Fighting
 + Level 5.2 Polearms
 + Level 3.1 Armour
 + Level 6.8 Dodging
 + Level 7.3 Stealth
 + Level 4.6 Shields
 + Level 7.0 Spellcasting
 + Level 5.5 Hexes
 + Level 8.4 Summonings
 + Level 5.1 Fire Magic
 + Level 3.1 Air Magic
 + Level 7.4 Invocations


You had 12 spell levels left.
You knew the following spells:

 Your Spells              Type           Power      Damage    Failure   Level
a - Summon Small Mammal   Summ           100%       N/A       1%          1
b - Call Imp              Summ           100%       N/A       1%          2
c - Call Canine Familiar  Summ           53%        N/A       2%          3
d - Summon Guardian Gole  Hex/Summ       47%        N/A       4%          3
e - Summon Lightning Spi  Summ/Air       40%        N/A       24%         4

Your spell library contained the following spells:

 Spells                   Type           Power      Damage    Failure   Level
 Shock                    Conj/Air       72%        1d7       14%         1
 Swiftness                Air            26%        N/A       22%         3
 Apportation              Tloc           18%        N/A       26%         1
 Beastly Appendage        Tmut           18%        N/A       26%         1
 Necrotise                Necr           36%        1d5       26%         1
 Wereblood                Tmut           9%         N/A       36%         2
 Ignite Poison            Fire/Tmut/Pois 18%        N/A       36%         3
 Summon Mana Viper        Hex/Summ       47%        N/A       38%         5
 Airstrike                Air            13%        2d(2-18)  56%         4
 Spider Form              Tmut/Pois      9%         N/A       61%         3
 Vampiric Draining        Necr           9%         2d6       61%         3
 Sticky Flame             Conj/Fire      23%        2d4       65%         4
 Silence                  Hex/Air        16%        N/A       77%         5
 Animate Dead             Necr           9%         N/A       95%         4
 Passage of Golubria      Tloc           9%         N/A       95%         4
 Orb of Destruction       Conj           4%         9d5       100%        7
 Spellforged Servitor     Conj/Summ      16%        N/A       100%        7
 Ignition                 Fire           18%        3d7       100%        8
 Lehudib's Crystal Spear  Conj/Erth      4%         10d3      100%        8
 Necromutation            Tmut/Necr      4%         N/A       100%        8


Dungeon Overview and Level Annotations

Branches:
Dungeon (13/15)            Temple (1/1) D:4            Lair (0/5) D:11
    Orc (0/2) D:9          Bailey (visited)           IceCv (1/1)
 Vaults: D:13-14

Altars:
Ashenzari
Cheibriados
Dithmenos
Fedhas
Gozag
Hepliaklqana
Kikubaaqudgha
Makhleb
Nemelex Xobeh
Okawaru
Qazlal
Ru
Sif Muna
Trog
Uskayaw
Vehumet
Wu Jian
Xom
Yredelemnul

Shops:
D:5 !   D:8 (   D:10 =:[![   D:11 [   D:12 (

Annotations:
D:10 exclusion: obsidian statue IceCv exclusion: ice statue


Innate Abilities, Weirdness & Mutations

You have a pair of small horns on your head.
You are partially covered in molten scales. (AC +2)
A meltable icy envelope protects you from harm. (AC +4)
A meltable shield of frost defends you. (SH +4)
Spells you cast may paralyse nearby enemies.


Message History

Your guardian golem overheats!
Your cerulean imp hits the ice statue but does no damage.
The ice statue gestures at you.
The bolt of cold hits your guardian golem!
Your guardian golem resists.
Flame seeps out of your guardian golem. The bolt of cold hits you!!
* * * LOW HITPOINT WARNING * * *
Your wolf is engulfed in freezing vapours.
Your wolf bites the ice statue but does no damage.
Flame seeps out of your guardian golem.
Your wolf is engulfed in freezing vapours.
Your wolf dies!
Your wolf's corpse disappears in a puff of smoke!
Flame seeps out of your guardian golem.
Your guardian golem is engulfed in freezing vapours.
Flame seeps out of your guardian golem.
Your cerulean imp hits the ice statue but does no damage.
The ice statue gestures at you.
The freezing blast engulfs your guardian golem but does no damage.
Your lightning spire shoots out a bolt of lightning at the ice statue!
The bolt of electricity misses your cerulean imp.
The bolt of electricity hits the ice beast!
The bolt of electricity hits the ice statue.
The ice statue resists.
Your guardian golem is engulfed in freezing vapours.
Your guardian golem disappears in a puff of smoke!
Your guardian golem explodes!
You hear a sizzling sound! x3
The fiery explosion engulfs the ice statue!
The ice statue melts!
You hear a sizzling sound! x2
The fiery explosion engulfs the ice beast!!!
The ice beast melts!
The ice beast dies!
The ice beast disappears in a puff of smoke!
You hear a sizzling sound! x3
Your cerulean imp hits the ice statue but does no damage.
The ice statue gestures at you. The bolt of cold hits you!!
You die...

##########
###8..##...######
####5.@##...##...#.#
##°....##########..#
## #..8..##
#..#####. #.....##
###.5#.5. #.##°.
###..## . ##. ####
##


You could see an ice statue (ally target), a friendly lightning spire (summoned,
sheltered) and a friendly cerulean imp (summoned, sheltered).

Vanquished Creatures
  3 two-headed ogres
  A tengu warrior (D:13)
  An unseen horror (D:12)
  2 trolls
  Prince Ribbit (D:9)
  Grinder (D:4)
  A hornet (D:8)
  Sigmund (D:5)
  A shadow (D:9)
  4 yaks
  A death yak simulacrum (IceCv)
  2 vampire mosquitoes
  A steam dragon (D:6)
  A swamp drake (D:9)
  11 orc warriors
  3 black bears
  2 ice beasts
  9 centaurs
  A phantom (D:5)
  3 kobold brigands (D:9)
  3 gnoll sergeants
  3 bullfrogs
  A scorpion (D:4)
  2 wights (D:9)
  4 killer bees
  2 nameless horrors
  3 howler monkeys (D:12)
  6 orc priests
  2 hounds
  Jessica (D:2)
  3 iguanas
  12 orc wizards
  3 spriggan simulacra (IceCv)
  A wolf simulacrum (IceCv)
  A troll simulacrum (IceCv)
  2 gnolls
  6 adders
  5 naga simulacra (IceCv)
  2 shadow imps (D:8)
  4 white imps
  4 ufetubi (IceCv)
  3 worms (D:3)
  A dart slug (D:2)
  49 orcs
  3 ball pythons
  A bat (D:3)
  5 endoplasms
  5 giant cockroaches
  5 hobgoblins
  2 quokkas
  3 training dummies (D:8)
  2 frilled lizards
  3 goblins
  12 kobolds
  A rat (D:1)
215 creatures vanquished.

Vanquished Creatures (collateral kills)
  2 centaur warriors
  Amaemon (D:9)
  A manticore (D:12)
  An ugly thing (D:9)
  Maggie (D:8)
  A kobold demonologist (D:12)
  2 ice devils (D:13)
  A troll (D:13)
  A vampire (D:11)
  7 yaks
  A wraith (D:12)
  3 vampire mosquitoes
  7 orc warriors
  A black bear (D:11)
  An ogre (D:9)
  9 centaurs
  A lemure (D:8)
  A cane toad simulacrum (IceCv)
  2 bullfrogs
  A scorpion (D:11)
  2 wights (D:9)
  2 killer bees
  3 hounds
  2 orc priests
  A jelly (D:4)
  9 orc wizards
  2 troll simulacra (IceCv)
  2 polar bear simulacra (IceCv)
  2 spriggan simulacra (IceCv)
  6 gnolls
  3 naga simulacra (IceCv)
  5 adders
  A white imp (IceCv)
  An ufetubus (IceCv)
  A worm (D:5)
  A dart slug (D:1)
  39 orcs
  2 bats (D:2)
  4 endoplasms
  2 giant cockroaches
  5 goblins
  3 hobgoblins
  3 quokkas
  A frilled lizard (D:1)
  7 kobolds
  3 rats (D:1)
157 creatures vanquished.

Vanquished Creatures (others)
  Erica (D:8)
  Pikel (D:8)
  An orange demon (D:9)
  A troll (D:9)
  A yak (D:11)
  Grum (D:8)
  4 wolves (D:8)
  A lemure (D:8)
  A killer bee (D:10)
  An orc wizard (D:11)
  A gnoll (D:10)
14 creatures vanquished.

Grand Total: 386 creatures vanquished

Notes
Turn   | Place    | Note
-------+----------+-------------------------------------------
     0 | D:1      | javelincjr the Demonspawn Summoner began the quest for the
                  | Orb.
     0 | D:1      | Reached XP level 1. HP: 13/13 MP: 3/3
    84 | D:1      | Gained mutation: A meltable shield of frost defends you.
                  | (SH +4) [demonic ancestry]
    84 | D:1      | Reached XP level 2. HP: 9/19 MP: 1/5
   250 | D:1      | Learned a level 2 spell: Call Imp
   668 | D:1      | Gained mutation: A meltable icy envelope protects you from
                  | harm. (AC +4) [demonic ancestry]
   668 | D:1      | Reached XP level 3. HP: 24/24 MP: 6/6
   942 | D:2      | Noticed Jessica
   951 | D:2      | Killed Jessica
   952 | D:2      | Gained mutation: You have a pair of small horns on your
                  | head. [demonic ancestry]
   952 | D:2      | Reached XP level 4. HP: 30/30 MP: 2/7
  1665 | D:3      | Found an opulent altar of Gozag.
  1813 | D:3      | Reached XP level 5. HP: 35/35 MP: 6/9
  1963 | D:3      | Learned a level 3 spell: Call Canine Familiar
  2440 | D:4      | Reached skill level 5 in Summonings
  2440 | D:4      | Reached XP level 6. HP: 40/41 MP: 7/10
  2664 | D:4      | Found a staircase to the Ecumenical Temple.
  2675 | Temple   | Entered the Ecumenical Temple
  2684 | Temple   | Became a worshipper of Sif Muna the Loreminder
  3204 | D:4      | Noticed Grinder
  3207 | D:4      | Reached XP level 7. HP: 46/46 MP: 8/12
  3210 | D:4      | Learned a level 3 spell: Summon Guardian Golem
  3214 | D:4      | Paralysed by Grinder for 3 turns
  3226 | D:4      | Killed Grinder
  3393 | D:5      | Entered Level 5 of the Dungeon
  3468 | D:5      | Noticed Sigmund
  3481 | D:5      | Killed Sigmund
  3482 | D:5      | Reached skill level 6 in Summonings
  3929 | D:5      | Found Puquiral's Distillery.
  3935 | D:5      | Bought a potion of heal wounds for 65 gold pieces
  3983 | D:5      | Gained mutation: You are partially covered in molten
                  | scales. (AC +2) [demonic ancestry]
  3983 | D:5      | Reached XP level 8. HP: 53/53 MP: 14/14
  3989 | D:5      | Reached * piety under Sif Muna
  4205 | D:5      | Reached skill level 1 in Invocations
  4417 | D:6      | Reached skill level 1 in Fighting
  4417 | D:6      | Reached skill level 1 in Hexes
  4527 | D:6      | Reached skill level 1 in Polearms
  4527 | D:6      | Reached skill level 1 in Fire Magic
  4548 | D:6      | Reached skill level 5 in Stealth
  5128 | D:7      | Found a shadowy altar of Dithmenos.
  5135 | D:7      | Reached skill level 5 in Spellcasting
  5184 | D:7      | Reached XP level 9. HP: 61/61 MP: 16/16
  5672 | D:8      | Noticed Maggie
  5683 | D:8      | Killed Maggie
  5684 | D:8      | Reached skill level 5 in Dodging
  5684 | D:8      | Reached skill level 1 in Shields
  5713 | D:8      | Reached ** piety under Sif Muna
  5841 | D:8      | Noticed Pikel
  5851 | D:8      | Killed Pikel
  5951 | D:8      | Noticed Grum
  5959 | D:8      | Killed Grum
  5960 | D:8      | Reached skill level 7 in Summonings
  6068 | D:8      | Noticed Erica
  6099 | D:8      | Killed Erica
  6100 | D:8      | Reached XP level 10. HP: 70/70 MP: 14/18
  6640 | D:8      | Found Ehih's Firing Range.
  6665 | D:8      | Found a snail-covered altar of Cheibriados.
  6837 | D:9      | Found a flagged portal.
  6890 | Bailey   | Entered a bailey
  7106 | Bailey   | Reached skill level 5 in Invocations
  7327 | Bailey   | Reached *** piety under Sif Muna
  7390 | Bailey   | Learned a level 4 spell: Summon Lightning Spire
  7714 | Bailey   | Identified the +4 morningstar of the Ancient Stories
                  | {distort, rCorr Int+2 Dex+3}
  8213 | Bailey   | Acquired the +2 demon trident "Orb Guardian's Curse"
                  | {flame, Fly rPois rF+ Str+3}
  8288 | D:9      | Identified the +9 plate armour of the Heavens {rC+ Dex+3
                  | SInv}
  8315 | D:9      | Noticed Prince Ribbit
  8335 | D:9      | Killed Prince Ribbit
  8456 | D:9      | Noticed an orange demon
  8484 | D:9      | Killed an orange demon
  8485 | D:9      | Reached skill level 1 in Air Magic
  8485 | D:9      | Gained mutation: Spells you cast may paralyse adjacent
                  | enemies. [demonic ancestry]
  8485 | D:9      | Reached XP level 11. HP: 63/78 MP: 16/20
  8546 | D:9      | Noticed Amaemon
  8558 | D:9      | Paralysed by Amaemon for 4 turns
  8559 | D:9      | Killed Amaemon
  8560 | D:9      | Reached skill level 1 in Armour
  8608 | D:9      | Identified the +4 kite shield of the Cockatrice {Int+5}
  8696 | D:9      | Noticed a purple ugly thing
  8710 | D:9      | Killed a purple ugly thing
  9028 | D:9      | Reached **** piety under Sif Muna
  9076 | D:9      | Found a staircase to the Orcish Mines.
  9280 | D:10     | Entered Level 10 of the Dungeon
  9334 | D:10     | Found Mausyk's Antique Armour Emporium.
  9401 | D:10     | Found Jumoqe Ciby's Distillery.
  9547 | D:10     | Found Ebapnoqi's Book Boutique.
  9582 | D:10     | Found Xeucluv's Jewellery Shop.
  9641 | D:10     | Found Rainol's Armour Boutique.
  9646 | D:10     | Bought a +2 hat for 192 gold pieces
 10114 | D:10     | Noticed an obsidian statue
 10388 | D:10     | Reached skill level 5 in Fighting
 10516 | D:11     | Noticed a two-headed ogre
 10529 | D:11     | Killed a two-headed ogre
 10530 | D:11     | Reached skill level 8 in Summonings
 10684 | D:11     | Acquired the ring "Inlapyk" {rPois MP+9 Dex+3 SInv}
 10722 | D:11     | Reached ***** piety under Sif Muna
 10730 | D:11     | Found Abbenupp's Antique Armour Shoppe.
 10859 | D:11     | Found a staircase to the Lair.
 11266 | D:12     | Noticed a centaur warrior
 11394 | D:12     | Noticed a two-headed ogre
 11414 | D:12     | Killed a two-headed ogre
 11414 | D:12     | Received a gift from Sif Muna
 11415 | D:12     | Reached skill level 5 in Hexes
 11415 | D:12     | Got Sif Muna's Precepts of Rotting Attendants {god gift}
 11459 | D:12     | Found Mutar's Antique Weapon Emporium.
 11572 | D:12     | Killed a centaur warrior
 11573 | D:12     | Gained mutation: Spells you cast may paralyse nearby
                  | enemies. [demonic ancestry]
 11573 | D:12     | Reached XP level 12. HP: 85/86 MP: 19/22
 11928 | D:12     | Noticed a two-headed ogre
 11936 | D:12     | Killed a two-headed ogre
 12255 | D:13     | Noticed a tengu warrior
 12268 | D:13     | Killed a tengu warrior
 12269 | D:13     | Reached skill level 5 in Polearms
 12295 | D:13     | Noticed a centaur warrior
 12302 | D:13     | Killed a centaur warrior
 12303 | D:13     | Reached skill level 5 in Fire Magic
 12485 | D:13     | Found a frozen archway.
 12511 | IceCv    | Entered an ice cave
 12876 | IceCv    | Killed from afar by an ice statue

Illustrated notes

Levels and vault maps discovered:
D:1:      lightli_arrival_lavapool, layout_basic
D:2:      layout_basic, uniq_jessica
D:3:      kennysheep_six_static_rooms, layout_basic, grunt_gozag_statues,
          general_overflow_altar, minmay_bisected
D:4:      layout_basic, minmay_temple_entry_crystal_x, uniq_grinder
D:5:      layout_gridville, serial_shops, shop, hangedman_decor_clover_reticule,
          uniq_sigmund
D:6:      layout_basic, minmay_increasing_density
D:7:      minmay_klotski, layout_basic, grunt_dithmenos_smoke_and_mirrors
D:8:      layout_basic, cheibriados_altar_1, nicolae_shop_firing_range,
          uniq_grum, uniq_maggie, uniq_erica, uniq_pikel
D:9:      layout_irregular_city, erik_orc_1, enter_bailey_8, minmay_orc_keep,
          uniq_prince_ribbit1, uniq_amaemon
D:10:     layout_grid_maze, serial_shops, nicolae_shop_statue_plus,
          nicolae_shop_rolling_square, nicolae_shop_scrapyard, shop, shop,
          minivault_16
D:11:     layout_roguey, grunt_lair_entry_orc_guard_hut, serial_shops, shop
D:12:     layout_gridville, serial_shops, nicolae_shop_overgrown_old_shop
D:13:     layout_roguey, portal_ice_cave_demonic_guard, serial_bayou_pond_b
Temple:   regret_index_temple_mists
IceCv:    ice_cave_caverns_01

Skill      XL: |  1  2  3  4  5  6  7  8  9 10 11 12 |
---------------+-------------------------------------+-----
Stealth        | 2 3 4 5 6 7 |  7.3
Dodging        | 2 3 4 5 6 |  6.8
Spellcasting   | 3 4 5 6 7 |  7.0
Summonings     | 5 6 7 8 |  8.4
Invocations    | 2 4 5 7 |  7.4
Fighting       | 2 3 4 5 |  5.8
Hexes          | 2 3 4 5 |  5.5
Polearms       | 1 3 4 5 |  5.2
Fire Magic     | 1 3 4 5 |  5.1
Shields        | 2 3 4 |  4.6
Air Magic      | 1 2 3 |  3.1
Armour         | 2 3 |  3.1

Action                     |  1- 3 |  4- 6 |  7- 9 | 10-12 || total
---------------------------+-------+-------+-------+-------++-------
  Melee: Unarmed           |     8 |       |       |       ||     8
         Dagger            |    38 |       |       |       ||    38
         Glaive            |    32 |    88 |   146 |   117 ||   383
         Punch             |     1 |       |       |     1 ||     2
         Headbutt          |       |    11 |    21 |    50 ||    82
         Demon trident     |       |       |       |   356 ||   356
   Cast: Summon Small Mamm |    13 |     4 |     7 |    10 ||    34
         Call Imp          |     9 |    12 |    26 |    62 ||   109
         Call Canine Famil |       |     6 |    22 |    49 ||    77
         Summon Guardian G |       |       |     9 |    16 ||    25
         Summon Lightning  |       |       |       |    34 ||    34
    Use: Scroll            |       |     6 |       |     8 ||    14
         Potion            |       |     2 |       |       ||     2
   Stab: Sleeping          |     1 |     8 |     7 |     3 ||    19
         Distracted        |       |     3 |     3 |    10 ||    16
         Paralysed         |       |       |       |    12 ||    12
 Armour: Robe              |    15 |    27 |    37 |       ||    79
         Steam dragon scal |       |       |       |    35 ||    35
         Troll leather arm |       |       |       |    43 ||    43
  Dodge: Dodged            |    47 |    47 |   117 |   369 ||   580
         Repelled          |       |       |       |     6 ||     6
  Block: Other             |     9 |    11 |    20 |    40 ||    80
         Kite shield       |       |       |       |   213 ||   213
